TOP OF THE 1ST |
Georgia Bulldogs batting - Pitching for North Carolina Tar Heels : RHP Bruce Collins
|
Pitching: RHP Bruce Collins
|
|
Batting: LHB Sandro Márquez
|
0-0: Ball 1-0: Foul Ball, location: 2F 1-1: Called Strike 1-2: SINGLE (Line Drive, 89S)
|
Batting: SHB Nate Harrington
|
0-0: Called Strike 0-1: Foul Ball, location: 2F 0-2: SINGLE (Line Drive, 78S) Sandro Márquez to second
|
Batting: LHB Merrill Erickson
|
0-0: Ball 1-0: Called Strike 1-1: Ball 2-1: Ball 3-1: Base on Balls Sandro Márquez to third Nate Harrington to second
|
Batting: RHB Tom Stoltz
|
0-0: Ball 1-0: Called Strike 1-1: Called Strike 1-2: Hit by Pitch Sandro Márquez scores Nate Harrington to third Merrill Erickson to second
|
Batting: SHB Jean-François St-Amant
|
0-0: Ball 1-0: Called Strike 1-1: Swinging Strike 1-2: Ball 2-2: Strikes out swinging
|
Batting: RHB Gerald Miller
|
0-0: Ball 1-0: SINGLE (Line Drive, 6D) Nate Harrington scores Merrill Erickson to third Tom Stoltz to second Runner from 3rd tries for Home, SAFE, throw made home Tom Stoltz to third Gerald Miller to second
|
Batting: RHB Jeff Allen
|
0-0: Ball 1-0: Ball 2-0: Called Strike 2-1: Ball 3-1: Swinging Strike 3-2: Base on Balls
|
Batting: RHB Juan Cruz
|
0-0: Ball 1-0: Ball 2-0: Ball 3-0: Foul Ball, location: 2F 3-1: Base on Balls Tom Stoltz scores Gerald Miller to third Jeff Allen to second
|
Batting: RHB John Field
|
0-0: Ball 1-0: Called Strike 1-1: Foul Ball, location: 2F 1-2: Strikes out swinging
|
Batting: LHB Sandro Márquez
|
0-0: Called Strike 0-1: Ball 1-1: Ground out 1-3 (Groundball, P)
|
Top of the 1st over - 4 run(s), 3 hit(s), 0 error(s), 3 left on base; Georgia 4 - North Carolina 0 |
BOTTOM OF THE 1ST |
North Carolina Tar Heels batting - Pitching for Georgia Bulldogs : RHP Lance Johnson
|
Pitching: RHP Lance Johnson
|
|
Batting: RHB Derek Scott
|
0-0: Ball 1-0: Called Strike 1-1: Called Strike 1-2: Strikes out looking
|
Batting: LHB Joe Spears
|
0-0: Ball 1-0: Swinging Strike 1-1: Ball 2-1: SINGLE (Line Drive, 89S)
|
Batting: LHB José Morales
|
0-0: Ball 1-0: Called Strike 1-1: DOUBLE (Line Drive, 8RXD) Joe Spears to third
|
Batting: LHB Will Robinson
|
0-0: Ball 1-0: SINGLE (Flyball, 9LS) Joe Spears scores José Morales to third
|
Batting: SHB Rod Good
|
0-0: Called Strike 0-1: Ball 1-1: Ball 2-1: Swinging Strike 2-2: Ball 3-2: Base on Balls Will Robinson to second
|
Batting: RHB Stan Crosby
|
0-0: Called Strike 0-1: Ball 1-1: Ball 2-1: Grounds into double play, 6-4-3 (Groundball, 56)
|
Bottom of the 1st over - 1 run(s), 3 hit(s), 0 error(s), 2 left on base; Georgia 4 - North Carolina 1 |
TOP OF THE 2ND |
Georgia Bulldogs batting - Pitching for North Carolina Tar Heels : RHP Bruce Collins
|
Batting: SHB Nate Harrington
|
0-0: Called Strike 0-1: Ball 1-1: Called Strike 1-2: Ball 2-2: Strikes out swinging
|
Batting: LHB Merrill Erickson
|
0-0: Ball 1-0: Foul Ball, location: 2F 1-1: Ball 2-1: Foul Ball, location: 2F 2-2: Fly out, F4 (Popup, 34D)
|
Batting: RHB Tom Stoltz
|
0-0: Ball 1-0: Ball 2-0: Foul Ball, location: 2F 2-1: Ground out 5-3 (Groundball, 56)
|
Top of the 2nd over - 0 run(s), 0 hit(s), 0 error(s), 0 left on base; Georgia 4 - North Carolina 1 |
BOTTOM OF THE 2ND |
North Carolina Tar Heels batting - Pitching for Georgia Bulldogs : RHP Lance Johnson
|
Batting: RHB Jeff Navarro
|
0-0: Called Strike 0-1: Ball 1-1: Ball 2-1: Foul Ball, location: 2F 2-2: Ball 3-2: Foul Ball, location: 2F 3-2: SINGLE (Line Drive, 4M)
|
Batting: LHB Kirby Hurst
|
0-0: Ball 1-0: Ball 2-0: Ball 3-0: Called Strike 3-1: Called Strike 3-2: Ground out 3-1 (Groundball, 34S) Jeff Navarro to second
|
Batting: RHB Mauro Vargas
|
0-0: Ball 1-0: Foul Ball, location: 2F 1-1: Foul Ball, location: 2F 1-2: Ball 2-2: Ball 3-2: Base on Balls
|
Batting: RHB Derek Scott
|
0-0: Fly out, F8 (Flyball, 8LM)
|
Batting: LHB Joe Spears
|
0-0: Foul Ball, location: 2F 0-1: Ball 1-1: Foul Ball, location: 2F 1-2: Ball 2-2: SINGLE (Line Drive, 89S) Jeff Navarro to third Mauro Vargas to second Runner from 3rd tries for Home, SAFE, no throw
|
Batting: LHB José Morales
|
0-0: Called Strike 0-1: Ball 1-1: Foul Ball, location: 2F 1-2: Ball 2-2: Ball 3-2: Fly out, F9 (Flyball, 9LS)
|
Bottom of the 2nd over - 1 run(s), 2 hit(s), 0 error(s), 2 left on base; Georgia 4 - North Carolina 2 |
TOP OF THE 3RD |
Georgia Bulldogs batting - Pitching for North Carolina Tar Heels : RHP Bruce Collins
|
Batting: SHB Jean-François St-Amant
|
0-0: Foul Ball, location: 2F 0-1: Called Strike 0-2: Ball 1-2: Ball 2-2: Foul Ball, location: 2F 2-2: Ground out 6-3 (Groundball, 6)
|
Batting: RHB Gerald Miller
|
0-0: SINGLE (Line Drive, 78S)
|
Batting: RHB Jeff Allen
|
0-0: Ball 1-0: Called Strike 1-1: Foul Ball, location: 2F 1-2: Ball 2-2: Ball 3-2: Foul Ball, location: 2F 3-2: Foul Ball, location: 2F 3-2: Fly out, F9 (Flyball, 9LS)
|
Batting: RHB Juan Cruz
|
0-0: Called Strike 0-1: Ball Wild Pitch! Gerald Miller to second 1-1: Ball 2-1: Foul Ball, location: 2F 2-2: Strikes out swinging
|
Top of the 3rd over - 0 run(s), 1 hit(s), 0 error(s), 1 left on base; Georgia 4 - North Carolina 2 |
BOTTOM OF THE 3RD |
North Carolina Tar Heels batting - Pitching for Georgia Bulldogs : RHP Lance Johnson
|
Batting: LHB Will Robinson
|
0-0: Called Strike 0-1: Fly out, F8 (Flyball, 8LM)
|
Batting: SHB Rod Good
|
0-0: Ball 1-0: SINGLE (Groundball, 4MD)
|
Batting: RHB Stan Crosby
|
0-0: Called Strike 0-1: Ball 1-1: Foul Ball, location: 2F 1-2: Ball 2-2: Strikes out swinging
|
Batting: RHB Jeff Navarro
|
0-0: Ground out U3 (Groundball, 3)
|
Bottom of the 3rd over - 0 run(s), 1 hit(s), 0 error(s), 1 left on base; Georgia 4 - North Carolina 2 |
TOP OF THE 4TH |
Georgia Bulldogs batting - Pitching for North Carolina Tar Heels : RHP Bruce Collins
|
Batting: RHB John Field
|
0-0: Called Strike 0-1: SINGLE (Groundball, 56D)
|
Batting: LHB Sandro Márquez
|
0-0: Ball John Field steals 2nd base 1-0: Ball 2-0: SINGLE (Line Drive, 89S) John Field to third
|
Pitching: RHP Tom Keeney
|
|
Batting: SHB Nate Harrington
|
0-0: Ball 1-0: Ball 2-0: Foul Ball, location: 2F 2-1: SINGLE (Flyball, 8RS) John Field scores Sandro Márquez to second
|
Batting: LHB Merrill Erickson
|
0-0: Called Strike 0-1: Foul Ball, location: 2F 0-2: Foul Ball, location: 2F 0-2: Foul Ball, location: 2F 0-2: Strikes out swinging
|
Batting: RHB Tom Stoltz
|
0-0: Called Strike Sandro Márquez steals 3rd base Nate Harrington to second 0-1: Swinging Strike 0-2: SINGLE (Line Drive, 6) Sandro Márquez scores Nate Harrington to third Runner from 3rd tries for Home, SAFE, throw made home Tom Stoltz to second
|
Batting: SHB Jean-François St-Amant
|
0-0: Called Strike 0-1: Foul Ball, location: 2F 0-2: Ground out 1-3 (Groundball, 13S) Tom Stoltz to third
|
Batting: RHB Gerald Miller
|
0-0: Foul Ball, location: 2F 0-1: Ground out 4-3 (Groundball, 4)
|
Top of the 4th over - 3 run(s), 4 hit(s), 0 error(s), 1 left on base; Georgia 7 - North Carolina 2 |
BOTTOM OF THE 4TH |
North Carolina Tar Heels batting - Pitching for Georgia Bulldogs : RHP Lance Johnson
|
Batting: LHB Kirby Hurst
|
0-0: Ball 1-0: SINGLE (Groundball, 6MD)
|
Batting: RHB Mauro Vargas
|
0-0: Ball 1-0: Swinging Strike 1-1: Called Strike 1-2: Strikes out swinging
|
Batting: RHB Derek Scott
|
0-0: Called Strike 0-1: Ball 1-1: Ball 2-1: Grounds into double play, 6-4-3 (Groundball, 6)
|
Bottom of the 4th over - 0 run(s), 1 hit(s), 0 error(s), 0 left on base; Georgia 7 - North Carolina 2 |
TOP OF THE 5TH |
Georgia Bulldogs batting - Pitching for North Carolina Tar Heels : RHP Tom Keeney
|
Batting: RHB Jeff Allen
|
0-0: Called Strike 0-1: Called Strike 0-2: Foul Ball, location: 2F 0-2: Ball 1-2: Strikes out swinging
|
Batting: RHB Juan Cruz
|
0-0: Foul Ball, location: 2F 0-1: SINGLE (Groundball, 56D)
|
Batting: RHB John Field
|
0-0: Called Strike Juan Cruz is caught stealing 2nd base 0-1: Called Strike 0-2: Hit by Pitch
|
Batting: LHB Sandro Márquez
|
0-0: Ball 1-0: Ball 2-0: Swinging Strike 2-1: Swinging Strike 2-2: Ball 3-2: Strikes out swinging
|
Top of the 5th over - 0 run(s), 1 hit(s), 0 error(s), 1 left on base; Georgia 7 - North Carolina 2 |
BOTTOM OF THE 5TH |
North Carolina Tar Heels batting - Pitching for Georgia Bulldogs : RHP Lance Johnson
|
Batting: LHB Joe Spears
|
0-0: Ball 1-0: Ball 2-0: Ball 3-0: Base on Balls
|
Batting: LHB José Morales
|
0-0: Called Strike 0-1: Grounds into double play, 3-6-1 (Groundball, 3)
|
Batting: LHB Will Robinson
|
0-0: Foul Ball, location: 2F 0-1: Ball 1-1: Ball 2-1: Called Strike 2-2: Ball 3-2: SINGLE (Groundball, 6MD)
|
Pitching: LHP George Bolden
|
|
Batting: SHB Rod Good
|
0-0: DOUBLE (Line Drive, 7LM) Will Robinson to third Runner from 3rd tries for Home, SAFE, no throw
|
Batting: RHB Stan Crosby
|
0-0: Called Strike 0-1: Called Strike 0-2: Ball 1-2: Ball 2-2: Ball 3-2: Strikes out looking
|
Bottom of the 5th over - 1 run(s), 2 hit(s), 0 error(s), 1 left on base; Georgia 7 - North Carolina 3 |
TOP OF THE 6TH |
Georgia Bulldogs batting - Pitching for North Carolina Tar Heels : RHP Tom Keeney
|
Batting: SHB Nate Harrington
|
0-0: Ball 1-0: Ball 2-0: Foul Ball, location: 2F 2-1: Swinging Strike 2-2: Foul Ball, location: 2F 2-2: SINGLE (Groundball, 23) (infield hit)
|
Batting: LHB Merrill Erickson
|
0-0: Fly out, F8 (Flyball, 8RM)
|
Batting: RHB Tom Stoltz
|
0-0: Called Strike 0-1: Swinging Strike 0-2: Foul Ball, location: 2F 0-2: Ball 1-2: Ball Passed Ball! Nate Harrington to second 2-2: SINGLE (Groundball, 5S) (infield hit) Nate Harrington to third
|
Batting: SHB Jean-François St-Amant
|
0-0: Called Strike 0-1: Ball 1-1: Called Strike 1-2: Ball 2-2: 3-RUN HOME RUN (Flyball, 89XD), Distance : 377 ft
|
Pitching: RHP Dale Stone
|
|
Batting: RHB Gerald Miller
|
0-0: Ball 1-0: Swinging Strike 1-1: Foul Ball, location: 2F 1-2: Foul Ball, location: 2F 1-2: Ball 2-2: Ball 3-2: Foul Ball, location: 2F 3-2: Reached on error, E4 (Groundball, 4)
|
Batting: RHB Jeff Allen
|
0-0: Ball 1-0: Ball 2-0: Called Strike 2-1: Ball 3-1: Base on Balls
|
Batting: RHB Juan Cruz
|
0-0: Foul Ball, location: 2F 0-1: Foul Ball, location: 2F 0-2: Ball 1-2: Ball 2-2: Strikes out swinging
|
Batting: RHB John Field
|
0-0: Ball 1-0: Reached on error, E5 (Popup, 5S) Gerald Miller to third Jeff Allen to second
|
Batting: LHB Sandro Márquez
|
0-0: Called Strike 0-1: Foul Ball, location: 2F 0-2: Ball 1-2: Foul Ball, location: 2F 1-2: Reached on error, E3 (Groundball, 34) Gerald Miller scores Jeff Allen to third John Field to second
|
Batting: SHB Nate Harrington
|
0-0: Foul Ball, location: 2F 0-1: Ball 1-1: Ball 2-1: Called Strike 2-2: Foul Ball, location: 2F 2-2: SINGLE (Groundball, 25) (infield hit) Jeff Allen scores John Field to third Sandro Márquez to second
|
Batting: LHB Merrill Erickson
|
0-0: Fly out, F1 (Line Drive, 13S)
|
Top of the 6th over - 5 run(s), 4 hit(s), 3 error(s), 3 left on base; Georgia 12 - North Carolina 3 |
BOTTOM OF THE 6TH |
North Carolina Tar Heels batting - Pitching for Georgia Bulldogs : LHP George Bolden
|
Batting: RHB Jeff Navarro
|
0-0: Ball 1-0: Foul Ball, location: 2F 1-1: Called Strike 1-2: Ball 2-2: SINGLE (Line Drive, 56)
|
Batting: LHB Kirby Hurst
|
0-0: Ball Wild Pitch! Jeff Navarro to second 1-0: Ground out 1-3 (Groundball, 13S) Jeff Navarro to third
|
Batting: RHB Mauro Vargas
|
0-0: Foul Ball, location: 2F 0-1: Foul Ball, location: 2F 0-2: Ball 1-2: Strikes out looking
|
Batting: RHB Derek Scott
|
0-0: Swinging Strike 0-1: Called Strike 0-2: Ground out 5-3 (Groundball, 56)
|
Bottom of the 6th over - 0 run(s), 1 hit(s), 0 error(s), 1 left on base; Georgia 12 - North Carolina 3 |
TOP OF THE 7TH |
Georgia Bulldogs batting - Pitching for North Carolina Tar Heels : RHP Dale Stone
|
Batting: RHB Tom Stoltz
|
0-0: Hit by Pitch
|
Batting: SHB Jean-François St-Amant
|
0-0: Ball 1-0: Swinging Strike 1-1: Ball 2-1: Foul Ball, location: 2F 2-2: Ball 3-2: Foul Ball, location: 2F 3-2: Foul Ball, location: 2F 3-2: Base on Balls Tom Stoltz to second
|
Batting: RHB Gerald Miller
|
0-0: Hit by Pitch Tom Stoltz to third Jean-François St-Amant to second
|
Batting: RHB Jeff Allen
|
0-0: Fly out, F9 (Flyball, 9LM) Runner from 3rd tags up, SCORES, throw made
|
Batting: RHB Juan Cruz
|
0-0: Ball 1-0: Called Strike 1-1: Ball 2-1: Ball 3-1: Grounds into double play, 6-4-3 (Groundball, 6M)
|
Top of the 7th over - 1 run(s), 0 hit(s), 0 error(s), 1 left on base; Georgia 13 - North Carolina 3 |
BOTTOM OF THE 7TH |
North Carolina Tar Heels batting - Pitching for Georgia Bulldogs : LHP George Bolden
|
Batting: LHB Joe Spears
|
0-0: Ball 1-0: SINGLE (Line Drive, 78M)
|
Batting: LHB José Morales
|
0-0: Fly out, F5 (Popup, 5S)
|
Batting: LHB Will Robinson
|
0-0: Ball 1-0: Reached on error, E6 (Groundball, 6) Joe Spears to second
|
Batting: SHB Rod Good
|
0-0: Fly out, F7 (Flyball, 78M)
|
Batting: RHB Stan Crosby
|
0-0: Fly out, F8 (Flyball, 8LXD)
|
Bottom of the 7th over - 0 run(s), 1 hit(s), 1 error(s), 2 left on base; Georgia 13 - North Carolina 3 |
TOP OF THE 8TH |
Georgia Bulldogs batting - Pitching for North Carolina Tar Heels : RHP Dale Stone
|
Batting: RHB John Field
|
0-0: Foul Ball, location: 2F 0-1: Ball 1-1: Ball 2-1: SINGLE (Line Drive, 34)
|
Batting: LHB Sandro Márquez
|
0-0: Foul Ball, location: 2F 0-1: Swinging Strike 0-2: SINGLE (Groundball, 25) (infield hit) John Field to second
|
Pitching: RHP Chris Ryan
|
|
Batting: SHB Nate Harrington
|
0-0: Ball 1-0: Ball Wild Pitch! John Field to third Sandro Márquez to second 2-0: Ball 3-0: Called Strike 3-1: Foul Ball, location: 2F 3-2: Base on Balls
|
Batting: LHB Merrill Erickson
|
0-0: Ball 1-0: Swinging Strike 1-1: Ball 2-1: Foul Ball, location: 2F 2-2: Strikes out looking
|
Batting: RHB Tom Stoltz
|
0-0: Ball 1-0: Called Strike 1-1: Swinging Strike 1-2: Foul Ball, location: 2F 1-2: Strikes out looking
|
Batting: SHB Jean-François St-Amant
|
0-0: Ball 1-0: Foul Ball, location: 2F 1-1: Ball 2-1: Swinging Strike 2-2: Strikes out swinging
|
Top of the 8th over - 0 run(s), 2 hit(s), 0 error(s), 3 left on base; Georgia 13 - North Carolina 3 |
BOTTOM OF THE 8TH |
North Carolina Tar Heels batting - Pitching for Georgia Bulldogs : LHP George Bolden
|
Now at C: Chris Whittier
|
|
Batting: RHB Jeff Navarro
|
0-0: Ball 1-0: Ball 2-0: SINGLE (Groundball, 5S) (infield hit)
|
Batting: LHB Kirby Hurst
|
0-0: Called Strike 0-1: Foul Ball, location: 2F 0-2: Fly out, F8 (Flyball, 8LM)
|
Batting: RHB Mauro Vargas
|
0-0: Ball 1-0: Fly out, F9 (Flyball, 89S)
|
Batting: RHB Derek Scott
|
0-0: Foul Ball, location: 2F 0-1: Swinging Strike 0-2: Strikes out looking
|
Bottom of the 8th over - 0 run(s), 1 hit(s), 0 error(s), 1 left on base; Georgia 13 - North Carolina 3 |
TOP OF THE 9TH |
Georgia Bulldogs batting - Pitching for North Carolina Tar Heels : RHP Chris Ryan
|
Pitching: RHP Júlio Martínez
|
|
Batting: RHB Gerald Miller
|
0-0: SINGLE (Groundball, 6MD)
|
Batting: RHB Jeff Allen
|
Pickoff Throw to First - Out! 0-0: Ball 1-0: Called Strike 1-1: DOUBLE (Line Drive, 89M)
|
Batting: RHB Juan Cruz
|
0-0: Ball 1-0: Ball 2-0: Called Strike 2-1: Called Strike 2-2: Strikes out looking
|
Batting: RHB John Field
|
0-0: Foul Ball, location: 2F 0-1: Ball 1-1: Fly out, F8 (Line Drive, 8LD)
|
Top of the 9th over - 0 run(s), 2 hit(s), 0 error(s), 1 left on base; Georgia 13 - North Carolina 3 |
BOTTOM OF THE 9TH |
North Carolina Tar Heels batting - Pitching for Georgia Bulldogs : LHP George Bolden
|
Batting: LHB Joe Spears
|
0-0: Called Strike 0-1: SINGLE (Line Drive, 9LS)
|
Batting: LHB José Morales
|
0-0: Fly out, F8 (Flyball, 8RS)
|
Now in CF: Artie Connor
|
|
Batting: LHB Will Robinson
|
0-0: Ball 1-0: Fly out, F5 (Popup, 5S)
|
Batting: SHB Rod Good
|
0-0: Foul Ball, location: 2F 0-1: Called Strike 0-2: Foul Ball, location: 2F 0-2: Ball 1-2: Fly out, F9 (Flyball, 9S)
|
Bottom of the 9th over - 0 run(s), 1 hit(s), 0 error(s), 1 left on base; Georgia 13 - North Carolina 3 |
|